 Dungeon Crawl Stone Soup version 0.31-a0-986-g5e6e4ef867 (webtiles) character file.

Game seed: 14001133415157233759

6172 Frost42 the Protected (level 10, -5/92 HPs)
             Began as a Minotaur Fighter on Nov 1, 2023.
             Was a Priest of Makhleb.
             Slain by Grum
             ... wielding a +1 glaive of flaming
              (6 damage)
             ... while paralysed by Amaemon
             ... on level 9 of the Dungeon on Nov 6, 2023.
             The game lasted 01:11:43 (10030 turns).

Frost42 the Protected (Minotaur Fighter)           Turns: 10030, Time: 01:11:44

Health: -5/92      AC: 20    Str: 28    XL:     10   Next: 60%
Magic:  0/9        EV:  2    Int:  5    God:    Makhleb [***...]
Gold:   168        SH:  0    Dex: 11    Spells: 9/9 levels left

rFire   + . .        Q - +4 rapier "Ziatis" {speed, rElec rN++ Str+4}
rCold   . . .        c - +0 buckler
rNeg    + + .        N - +0 plate armour
rPois   .            (helmet restricted)
rElec   +            K - +1 cloak
rCorr   .            B - +1 pair of gloves
SInv    .            (no boots)
Will    .....        w - amulet of guardian spirit Stlth
                     S - ring of protection from fire
HPRegen 0.35/turn    (no ring)
MPRegen 0.11/turn

%: guardian spirit
@: paralysed, lethally poisoned (-5 -> -41)
A: horns 2, retaliatory headbutt
a: Renounce Religion, Minor Destruction, Lesser Servant of Makhleb


You were on level 9 of the Dungeon.
You worshipped Makhleb.
Makhleb was most pleased with you.
You visited 2 branches of the dungeon, and saw 10 of its levels.
You also visited: Ossuary.

You collected 348 gold pieces.
You spent 180 gold pieces at shops.

Inventory:

Hand Weapons
 d - a +2 flail of protection
 f - a +1 flail of protection
 g - a +1 vampiric scythe
 s - a +2 shortbow of draining
 u - a +3 scimitar
 x - a +3 flail of freezing
 y - a +0 orcbow
 G - a +2 hand axe of flaming
 L - a +4 dagger of draining
 Q - the +4 rapier "Ziatis" (weapon) {speed, rElec rN++ Str+4}
   (You found it on level 9 of the Dungeon)

   Str+4:     It affects your strength (+4).
   rElec:     It insulates you from electricity.
   rN++:      It greatly protects you from negative energy.
Missiles
 e - 25 poisoned darts
 h - 71 stones
 v - 2 atropa-tipped darts
 O - 6 boomerangs
Armour
 b - a +3 scale mail
 c - a +0 buckler (worn)
 B - a +1 pair of gloves (worn)
 K - a +1 cloak (worn)
 N - a +0 plate armour (worn)
Magical Staves
 j - a staff of air
 M - a staff of poison
Jewellery
 t - an amulet of magic regeneration
 w - an amulet of guardian spirit (around neck)
 J - a +6 ring of intelligence
 S - a ring of protection from fire (left hand)
Talismans
 A - a blade talisman
 I - a maw talisman
Wands
 a - a wand of paralysis (24)
 n - a wand of flame (7)
 F - a wand of roots (12)
 P - a wand of mindburst (4)
Scrolls
 k - a scroll of blinking {unknown}
 r - 5 scrolls of teleportation
 C - a scroll of poison {unknown}
 R - a scroll of brand weapon {unknown}
Potions
 i - 4 potions of enlightenment
 l - a potion of cancellation
 m - a potion of attraction {unknown}
 o - a potion of haste {unknown}
 p - a potion of ambrosia
 z - 2 potions of magic
 D - a potion of brilliance {unknown}
 E - a potion of might
 H - a potion of invisibility {unknown}


   Skills:
 + Level 9.6 Fighting
 + Level 0.5 Short Blades
 + Level 7.4 Maces & Flails
 - Level 5.2 Polearms
 * Level 12.1 Armour
 + Level 9.6 Shields


You had 9 spell levels left.
You didn't know any spells.
Your spell library contained the following spells:

 Spells                   Type           Power      Damage    Failure   Level
 Cigotuvi's Dreadful Rot  Necr/Pois/Air  0%         N/A       100%        2
 Ignite Poison            Fire/Tmut/Pois 0%         N/A       100%        3
 Animate Dead             Necr           0%         N/A       100%        4
 Freezing Cloud           Conj/Ice/Air   0%         6-21      100%        5
 Summon Forest            Summ/Tloc      0%         N/A       100%        5
 Summon Mana Viper        Hex/Summ       0%         N/A       100%        5
 Summon Cactus Giant      Summ           0%         N/A       100%        6
 Haunt                    Necr/Summ      0%         N/A       100%        7
 Infestation              Necr           0%         N/A       100%        8


Dungeon Overview and Level Annotations

Branches:
Dungeon (9/15)             Temple (1/1) D:4         Ossuary (visited)
   Lair: D:8-11         Orc: D:9-12

Altars:
Ashenzari
Cheibriados
Dithmenos
Fedhas
Hepliaklqana
Kikubaaqudgha
Makhleb
Okawaru
Qazlal
Sif Muna
Trog
Uskayaw
Vehumet
Wu Jian
Xom
Zin
The Shining One

Shops:
D:6 ?

Annotations:
D:3 1 runed translucent door, meiscool's ghost, amateur GrFi
D:9 Amaemon; Grum


Innate Abilities, Weirdness & Mutations

You have a pair of horns on your head.
You reflexively headbutt those who attack you in melee.


Message History

Amaemon mumbles some strange words.
The orange demon stings you but does no damage.
Grum shouts, "Release the hounds!"
Grum hits you from afar with a +1 glaive of flaming!
* * * LOW HITPOINT WARNING * * *
Grum burns you.
* * * LOW HITPOINT WARNING * * *
The bullfrog hits you but does no damage.
You feel sick.
The bullfrog hits you but does no damage.
Amaemon hits you but does no damage.
You are more poisoned.
Amaemon claws you but does no damage.
Amaemon tail-slaps you but does no damage.
Grum hits you from afar with a +1 glaive of flaming.
* * * LOW HITPOINT WARNING * * *
The orange demon stings you but does no damage.
The scorpion stings you but does no damage.
* * * LOW HITPOINT WARNING * * *
You feel sick.
The bullfrog hits you but does no damage.
Amaemon barely misses you. Amaemon claws you but does no damage.
Amaemon tail-slaps you but does no damage.
Grum hits you but does no damage.
The orange demon stings you but does no damage.
The scorpion stings you but does no damage.
The bullfrog hits you.
* * * LOW HITPOINT WARNING * * *
The scorpion stings you but does no damage.
* * * LOW HITPOINT WARNING * * *
You feel sick. The bullfrog hits you.
* * * LOW HITPOINT WARNING * * *
Amaemon hits you with a -1 demon whip of venom.
* * * LOW HITPOINT WARNING * * *
You are more poisoned.
Amaemon claws you but does no damage. Amaemon tail-slaps you.
You are more poisoned.
Amaemon poisons you!
Grum hits you from afar with a +1 glaive of flaming!
You die...

#..# #..# #..# #.
#..####..####..#
#.
#..............#
#<
#..............#
#. #
#..#####.###...#
#. #.. #..# #.#
#....... #.
#...##..# #.#
#...#### #.
#.....s.# #.#
#...# #
#.####....gF@# #.#
#...# #
#.........4s6# #.#
#...# # #
#........##.s# #.#
# #.
#........##.(# #.#
#
#..##........##..#
#.# #. #
#............##..#
#.# #. #
.###........##..#
#.# #.. #
#........##..# #$#
#.. # #..<.....#
..# #... #


You could see Amaemon, an orange demon (curare), Grum, a bullfrog and 3
scorpions.

Vanquished Creatures
  A two-headed ogre (D:8)
  A manticore (D:9)
  Grinder (D:4)
  Sigmund (D:3)
  A wraith (D:5)
  A steam dragon (D:9)
  12 yaks (D:8)
  Menkaure (Ossuary)
  Duvessa (D:5)
  An orc warrior (D:9)
  2 ice beasts
  2 black bears
  A sky beast (D:7)
  An ogre (D:5)
  2 wolves (D:9)
  2 centaurs
  2 phantoms (D:7)
  2 kobold brigands
  Blork the orc (D:6)
  A bullfrog (D:9)
  2 scorpions (D:7)
  4 wights (D:7)
  Dowan (D:5)
  4 killer bees (D:9)
  A howler monkey (D:7)
  2 orc priests
  3 hounds
  Ijyb (D:4)
  Terence (D:3)
  2 iguanas (D:6)
  3 mummies (Ossuary)
  4 gnolls
  4 adders
  A shadow imp (D:7)
  A white imp (D:5)
  2 ufetubi (D:7)
  A dart slug (D:2)
  10 orcs
  4 bats
  3 endoplasms
  2 giant cockroaches
  11 gnoll zombies (Ossuary)
  14 hobgoblins
  13 jackals
  11 kobolds
  5 ball pythons
  4 frilled lizards
  5 gnoll skeletons (Ossuary)
  13 goblins
  2 goblin skeletons (Ossuary)
  3 goblin zombies
  5 hobgoblin skeletons (Ossuary)
  3 hobgoblin zombies (Ossuary)
  4 kobold skeletons (Ossuary)
  2 kobold zombies (Ossuary)
  8 orc skeletons (Ossuary)
  2 orc zombies (Ossuary)
  A quokka zombie (D:6)
  2 rats
  A rat skeleton (Ossuary)
  5 rat zombies (Ossuary)
  2 butterflies (D:8)
209 creatures vanquished.

Vanquished Creatures (collateral kills)
  Edmund (D:4)
  A gnoll sergeant (D:4)
  A gnoll (D:4)
3 creatures vanquished.

Grand Total: 212 creatures vanquished

Notes
Turn   | Place    | Note
-------+----------+-------------------------------------------
     0 | D:1      | Frost42 the Minotaur Fighter began the quest for the Orb.
     0 | D:1      | Reached XP level 1. HP: 19/19 MP: 0/0
   222 | D:1      | Reached XP level 2. HP: 27/27 MP: 1/1
   566 | D:1      | Reached skill level 4 in Armour
   589 | D:1      | Found a faded altar of an unknown god.
  1253 | D:2      | Reached XP level 3. HP: 27/33 MP: 2/2
  2122 | D:3      | Reached XP level 4. HP: 40/41 MP: 3/3
  2164 | D:3      | Noticed Sigmund
  2228 | D:3      | Killed Sigmund
  2229 | D:3      | Reached skill level 5 in Fighting
  2229 | D:3      | Reached skill level 5 in Armour
  2229 | D:3      | Reached skill level 5 in Shields
  2229 | D:3      | Reached XP level 5. HP: 24/48 MP: 4/4
  2727 | D:3      | Noticed Terence
  2733 | D:3      | Reached XP level 6. HP: 56/56 MP: 5/5
  2740 | D:3      | Killed Terence
  2827 | D:3      | Found a runed translucent door.
  2895 | D:3      | Noticed meiscool's ghost (amateur GrFi)
  3352 | D:4      | Noticed Ijyb
  3359 | D:4      | Paralysed by Ijyb for 4 turns
  3365 | D:4      | Paralysed by Ijyb for 2 turns
  3379 | D:4      | Killed Ijyb
  3390 | D:4      | Noticed Grinder
  3616 | D:4      | Found a staircase to the Ecumenical Temple.
  3657 | D:4      | Noticed Edmund
  3673 | Temple   | Entered the Ecumenical Temple
  3833 | Temple   | Became a worshipper of Makhleb the Destroyer
  3846 | D:4      | Upgraded the game from 0.31-a0-981-geadf994542 to
                  | 0.31-a0-983-g7b6862f502
  3859 | D:4      | Killed Edmund
  3860 | D:4      | Reached skill level 5 in Polearms
  3860 | D:4      | Reached XP level 7. HP: 28/62 MP: 2/6
  4006 | D:4      | Paralysed by Grinder for 2 turns
  4014 | D:4      | Killed Grinder
  4015 | D:4      | Reached skill level 1 in Maces & Flails
  4015 | D:4      | Reached skill level 6 in Armour
  4145 | D:4      | You fall into a shaft and drop 1 floor!
  4145 | D:5      | Entered Level 5 of the Dungeon
  4591 | D:5      | Reached skill level 7 in Armour
  4591 | D:5      | Reached XP level 8. HP: 59/71 MP: 5/7
  4594 | D:5      | Noticed Duvessa
  4596 | D:5      | Noticed Dowan
  4602 | D:5      | Killed Duvessa
  4602 | D:5      | Reached * piety under Makhleb
  4607 | D:5      | Killed Dowan
  4684 | D:5      | Found a glowing silver altar of Zin.
  5367 | D:6      | Reached skill level 8 in Armour
  5425 | D:6      | Found a sand-covered staircase.
  5461 | Ossuary  | Entered an ossuary
  5663 | Ossuary  | Reached ** piety under Makhleb
  5826 | Ossuary  | Noticed Menkaure
  5838 | Ossuary  | Killed Menkaure
  6017 | D:6      | Noticed Blork the orc
  6024 | D:6      | Killed Blork the orc
  6068 | D:6      | Found Naj Seuts's Magic Scroll Emporium.
  6602 | D:6      | Bought a scroll of enchant weapon for 90 gold pieces
  6602 | D:6      | Bought a scroll of enchant armour for 90 gold pieces
  7091 | D:7      | Reached skill level 9 in Armour
  7091 | D:7      | Reached XP level 9. HP: 54/73 MP: 6/8
  7287 | D:7      | Reached *** piety under Makhleb
  7467 | D:7      | Reached skill level 5 in Maces & Flails
  7584 | D:7      | Found a glowing golden altar of the Shining One.
  7625 | D:7      | Found a stormy altar of Qazlal.
  8273 | D:8      | Found a broken altar of Ashenzari.
  8295 | D:8      | Reached skill level 10 in Armour
  8538 | D:8      | Noticed a two-headed ogre
  8550 | D:8      | Killed a two-headed ogre
  8551 | D:8      | Reached skill level 11 in Armour
  8551 | D:8      | Reached XP level 10. HP: 75/90 MP: 6/9
  8633 | D:8      | Found a shimmering altar of Xom.
  9374 | D:9      | Noticed a manticore
  9391 | D:8      | Upgraded the game from 0.31-a0-983-g7b6862f502 to
                  | 0.31-a0-986-g5e6e4ef867
  9562 | D:9      | Killed a manticore
  9584 | D:9      | Noticed Amaemon
  9589 | D:9      | Noticed Grum
  9750 | D:9      | Reached skill level 12 in Armour
  9890 | D:9      | Identified the +4 rapier "Ziatis" {speed, rElec rN++ Str+4}
 10016 | D:9      | Noticed an orange demon
 10026 | D:9      | Paralysed by Amaemon for 5 turns
 10030 | D:9      | HP: 3/92 [poisoned by Amaemon]
 10030 | D:9      | HP: 1/92 [Amaemon/-1 demon whip of venom (1)]
 10030 | D:9      | Slain by Grum

Illustrated notes

Levels and vault maps discovered:
D:1:      matt_arrival_los_fun, layout_basic,
          shapermc_ecumenical_altar_mp_ritualfount, serial_bayou,
          serial_bayou_lagoon_a, serial_bayou_pond_a, serial_bayou_shore_b,
          serial_bayou_ford_a, kennysheep_another_room
D:2:      layout_basic, minmay_circled_x
D:3:      layout_basic, ebering_ghost_inner_flame, chequers_serial_rivers_marsh,
          serial_park_tiny_pond, grunt_decor_cap, st_stairs_6,
          grunt_ministairs_9, corner_web_ring, grunt_decor_mini_mirrors,
          minmay_goblin_outpost, uniq_sigmund, uniq_terence
D:4:      layout_cave_pools, minmay_temple_entry_large_hall,
          kennysheep_generic_room_4, uniq_ijyb, uniq_grinder, uniq_edmund
D:5:      layout_basic, zin_academy, chequers_serial_rivers_micro_b,
          uniq_duvessa
D:6:      layout_basic, enter_ossuary_4, serial_shops, shop, uniq_blork_the_orc
D:7:      minmay_evil_eye, layout_basic, tso_oasis_becter,
          nicolae_qazlal_style_of_elements
D:8:      layout_basic, xom_butterflies, kennysheep_mini_moat
D:9:      layout_long_grid, lemuel_coloured_pillars_altar,
          overflow_temple_1_default, uniq_grum, uniq_amaemon
Temple:   nicolae_temple_ecumenical_triangle

Skill      XL: |  1  2  3  4  5  6  7  8  9 10 |
---------------+-------------------------------+-----
Fighting       | 4 5 6 7 8 9 |  9.6
Armour         | 4 5 7 9 11 12 | 12.1
Shields        | 4 5 6 7 8 9 |  9.6
Polearms       | 3 4 5 |  5.2
Maces & Flails | 2 4 6 7 |  7.4
Short Blades   | |  0.5

Action                     |  1- 3 |  4- 6 |  7- 9 | 10-12 || total
---------------------------+-------+-------+-------+-------++-------
  Melee: Trident           |   115 |   124 |       |       ||   239
         Headbutt          |    24 |    18 |    66 |    20 ||   128
         Flail             |       |       |   291 |    77 ||   368
         Rapier            |       |       |       |    42 ||    42
  Throw: Dart              |     1 |    11 |    19 |     7 ||    38
         Stone             |       |       |     4 |       ||     4
         Boomerang         |       |       |       |     1 ||     1
  Evoke: Wand              |       |       |    31 |     4 ||    35
    Use: Scroll            |     9 |     4 |     6 |     5 ||    24
         Potion            |       |     5 |     3 |     1 ||     9
 Armour: Scale mail        |    82 |   163 |   342 |    56 ||   643
         Plate armour      |       |       |       |   109 ||   109
  Dodge: Dodged            |    52 |    80 |   176 |    76 ||   384
  Block: Buckler           |    21 |    38 |    93 |    57 ||   209

Table legend: (Time is in decaauts)
 A = Elapsed time spent in this place.
 B = Non-inter-level travel time spent in this place.
 C = Inter-level travel time spent in this place.
 D = Time resting spent in this place.
 E = Time spent auto-exploring this place.
 F = Levels seen in this place.
 G = Mean time per level.
                   A        B        C        D        E       F      G
               +--------+--------+--------+--------+--------+-----+--------+
         Total |  10165 |   9379 |    786 |      0 |   1464 |  11 |  924.1 |
       Dungeon |   9460 |   8674 |    786 |      0 |   1464 |   9 | 1051.1 |
        Temple |    172 |    172 |      0 |      0 |      0 |   1 |  172.0 |
       Ossuary |    533 |    533 |      0 |      0 |      0 |   1 |  533.0 |
               +--------+--------+--------+--------+--------+-----+--------+

Top non-repeatable levels by time:
     D:8: 1555 daAuts
     D:3: 1433 daAuts
     D:1: 1161 daAuts
     D:7: 1136 daAuts
     D:6: 1126 daAuts
     D:5: 942 daAuts
     D:4: 845 daAuts
     D:2: 840 daAuts
 Ossuary: 533 daAuts
     D:9: 419 daAuts
  Temple: 172 daAuts
